3162 views
Uploaded 2020-02-21 19:59:07
Game version 1.32 / 1.32.1
4:06 long 4on4 ladder game on (8)MarketSquare
Saved by ChuckleMan
3162 views
Uploaded 2020-02-21 19:59:07
Game version 1.32 / 1.32.1
4:06 long 4on4 ladder game on (8)MarketSquare


/ 0k
27 buildings @ 3k
/ 1k

| Wisp | 13 | 780 | / | 0 |
| total: | 13 | 780g | / | 0w |
| Altar of Elders | 1 | 180 | / | 50 |
| Moon Well | 2 | 360 | / | 80 |
| Tree of Life | 1 | 340 | / | 185 |
| Tree of Ages | 1 | 320 | / | 180 |
| total: | 4 | 880g | / | 315w |
| 0:02 | Wisp |
| 0:02 | Wisp |
| 0:23 | Altar of Elders |
| 0:26 | Moon Well |
| 0:29 | Wisp |
| 0:29 | Wisp |
| 0:29 | Wisp |
| 0:40 | Wisp |
| 1:32 | Wisp |
| 1:32 | Wisp |
| 1:37 | Moon Well |
| 2:16 | Wisp |
| 2:17 | Wisp |
| 2:17 | Wisp |
| 2:22 | Summon Lava Spawn |
| 2:48 | Wisp |
| 2:48 | Wisp |
| 3:28 | Tree of Ages |
| 4:01 | Tree of Life |
| Right click | 89 |
| Select | 45 |
| Chat | 24 |
| Resource trade | 22 |
| Build/train/purchase | 18 |
| Minimap ping | 2 |
| Use ability | 1 |
| Peasant | 16 | 1200 | / | 0 |
| total: | 16 | 1200g | / | 0w |
| Scout Tower | 9 | 270 | / | 180 |
| Guard Tower | 5 | 350 | / | 250 |
| Arcane Tower | 2 | 140 | / | 100 |
| Lumber Mill | 1 | 120 | / | 0 |
| Farm | 1 | 80 | / | 20 |
| total: | 11 | 470g | / | 200w |
| 0:06 | Lumber Mill |
| 0:07 | Peasant |
| 0:07 | Peasant |
| 0:20 | Peasant |
| 0:43 | Peasant |
| 0:46 | Scout Tower |
| 0:50 | Peasant |
| 0:59 | Guard Tower |
| 1:01 | Scout Tower |
| 1:12 | Peasant |
| 1:14 | Guard Tower |
| 1:16 | Scout Tower |
| 1:30 | Guard Tower |
| 1:31 | Scout Tower |
| 1:39 | Peasant |
| 1:40 | Peasant |
| 1:46 | Peasant |
| 1:54 | Peasant |
| 1:58 | Farm |
| 2:01 | Guard Tower |
| 2:07 | Scout Tower |
| 2:15 | Peasant |
| 2:22 | Scout Tower |
| 2:34 | Guard Tower |
| 2:35 | Peasant |
| 2:38 | Peasant |
| 2:45 | Scout Tower |
| 2:59 | Peasant |
| 3:12 | Arcane Tower |
| 3:14 | Scout Tower |
| 3:25 | Arcane Tower |
| 3:57 | Peasant |
| 3:58 | Peasant |
| 4:04 | Scout Tower |
| Chat | 122 |
| Right click | 75 |
| Select group | 63 |
| Select | 61 |
| Build/train/purchase | 32 |
| Assign group | 10 |
| Esc | 1 |

| Peasant | 7 | 525 | / | 0 |
| Footman | 6 | 810 | / | 0 |
| total: | 13 | 1335g | / | 0w |
| Altar of Kings | 1 | 180 | / | 50 |
| Farm | 4 | 320 | / | 80 |
| Barracks | 1 | 160 | / | 60 |
| Lumber Mill | 1 | 120 | / | 0 |
| Keep | 2 | 640 | / | 420 |
| total: | 7 | 780g | / | 190w |
| 0:05 | Altar of Kings |
| 0:05 | Peasant |
| 0:06 | Peasant |
| 0:15 | Peasant |
| 0:22 | Farm |
| 0:38 | Barracks |
| 0:44 | Peasant |
| 1:03 | Farm |
| 1:19 | Peasant |
| 1:19 | Peasant |
| 1:40 | Footman |
| 1:52 | Farm |
| 1:56 | Peasant |
| 2:00 | Footman |
| 2:12 | Summon Water Elemental |
| 2:14 | Footman |
| 2:25 | Lumber Mill |
| 2:57 | Footman |
| 3:03 | Keep |
| 4:00 | Footman |
| 4:02 | Footman |
| 4:02 | Farm |
| Right click | 92 |
| Chat | 89 |
| Select | 52 |
| Build/train/purchase | 21 |
| Select group | 19 |
| Misc. action | 18 |
| Assign group | 4 |
| Resource trade | 4 |

| Wisp | 12 | 720 | / | 0 |
| Huntress | 2 | 390 | / | 40 |
| total: | 14 | 1110g | / | 40w |
| Moon Well | 2 | 360 | / | 80 |
| Hunter's Hall | 1 | 210 | / | 100 |
| Ancient of War | 1 | 150 | / | 60 |
| Altar of Elders | 1 | 180 | / | 50 |
| Tree of Ages | 2 | 640 | / | 360 |
| total: | 5 | 900g | / | 290w |
| 0:04 | Wisp |
| 0:04 | Wisp |
| 0:14 | Moon Well |
| 0:27 | Wisp |
| 0:44 | Wisp |
| 0:49 | Hunter's Hall |
| 0:57 | Ancient of War |
| 0:59 | Wisp |
| 1:12 | Wisp |
| 1:27 | Wisp |
| 1:32 | Altar of Elders |
| 1:39 | Wisp |
| 1:56 | Moon Well |
| 2:01 | Wisp |
| 2:18 | Wisp |
| 2:26 | Wisp |
| 2:36 | Black Arrow |
| 2:45 | Wisp |
| 2:48 | Huntress |
| 3:10 | Tree of Ages |
| 3:30 | Huntress |
| Right click | 69 |
| Select | 48 |
| Select group | 36 |
| Build/train/purchase | 19 |
| Assign group | 11 |
| Use ability | 3 |
| Misc. action | 2 |
44 units @ 3.4k
/ 0.1k
22 buildings @ 3.6k
/ 0.9k

| Healing Salve | 2 | 200 |
| Lesser Clarity Potion | 1 | 70 |
| total: | 3 | 270g |
| Peon | 11 | 825 | / | 0 |
| total: | 11 | 825g | / | 0w |
| Altar of Storms | 1 | 180 | / | 50 |
| Orc Burrow | 3 | 480 | / | 120 |
| Voodoo Lounge | 1 | 130 | / | 30 |
| War Mill | 1 | 205 | / | 0 |
| Stronghold | 1 | 315 | / | 190 |
| total: | 6 | 995g | / | 200w |
| 0:02 | Peon |
| 0:03 | Peon |
| 0:03 | Peon |
| 0:06 | Altar of Storms |
| 0:12 | Peon |
| 0:21 | Orc Burrow |
| 0:37 | Peon |
| 0:42 | Peon |
| 1:05 | Voodoo Lounge |
| 1:12 | Peon |
| 1:19 | Peon |
| 1:24 | Peon |
| 2:00 | War Mill |
| 2:03 | Peon |
| 2:04 | Peon |
| 2:11 | Healing Salve |
| 2:11 | Healing Salve |
| 2:12 | Lesser Clarity Potion |
| 2:14 | Wind Walk |
| 2:48 | Stronghold |
| 3:54 | Orc Burrow |
| 3:55 | Orc Burrow |
| Right click | 192 |
| Select group | 149 |
| Select | 94 |
| Build/train/purchase | 20 |
| Assign group | 16 |
| Misc. action | 6 |
| Remove unit | 3 |
| Minimap ping | 2 |

| Peon | 5 | 375 | / | 0 |
| total: | 5 | 375g | / | 0w |
| Orc Burrow | 2 | 320 | / | 80 |
| Altar of Storms | 1 | 180 | / | 50 |
| War Mill | 1 | 205 | / | 0 |
| total: | 4 | 705g | / | 130w |
| 0:03 | Peon |
| 0:04 | Peon |
| 0:06 | Orc Burrow |
| 0:08 | Altar of Storms |
| 0:21 | Peon |
| 0:52 | Orc Burrow |
| 1:11 | War Mill |
| 1:59 | Peon |
| 2:15 | Peon |
| 2:36 | Wind Walk |
| Right click | 103 |
| Chat | 96 |
| Select | 72 |
| Minimap ping | 30 |
| Misc. action | 11 |
| Build/train/purchase | 9 |
| Use ability | 4 |

| Wisp | 9 | 540 | / | 0 |
| Archer | 2 | 260 | / | 20 |
| total: | 11 | 800g | / | 20w |
| Altar of Elders | 1 | 180 | / | 50 |
| Moon Well | 3 | 540 | / | 120 |
| Ancient of War | 3 | 450 | / | 180 |
| Ancient of Wonders | 1 | 90 | / | 30 |
| total: | 8 | 1260g | / | 380w |
| 0:02 | Wisp |
| 0:05 | Altar of Elders |
| 0:09 | Moon Well |
| 0:11 | Wisp |
| 0:20 | Wisp |
| 0:31 | Ancient of War |
| 0:45 | Wisp |
| 1:01 | Wisp |
| 1:04 | Wisp |
| 1:17 | Wisp |
| 1:34 | Archer |
| 1:43 | Wisp |
| 1:45 | Moon Well |
| 2:09 | Moon Well |
| 2:22 | Ancient of War |
| 2:29 | Force of Nature |
| 3:00 | Ancient of War |
| 3:01 | Wisp |
| 3:07 | Ancient of Wonders |
| 3:29 | Archer |
| Select | 68 |
| Right click | 58 |
| Chat | 24 |
| Build/train/purchase | 13 |
| Use ability | 5 |
| Assign group | 2 |

| Wisp | 12 | 720 | / | 0 |
| Archer | 5 | 650 | / | 50 |
| total: | 17 | 1370g | / | 50w |
| Moon Well | 2 | 360 | / | 80 |
| Ancient of War | 1 | 150 | / | 60 |
| Altar of Elders | 1 | 180 | / | 50 |
| total: | 4 | 690g | / | 190w |
| 0:06 | Wisp |
| 0:06 | Wisp |
| 0:07 | Wisp |
| 0:07 | Wisp |
| 0:39 | Moon Well |
| 0:46 | Ancient of War |
| 0:57 | Wisp |
| 0:58 | Wisp |
| 1:16 | Wisp |
| 1:30 | Altar of Elders |
| 1:32 | Moon Well |
| 1:54 | Wisp |
| 1:55 | Wisp |
| 1:58 | Archer |
| 2:20 | Wisp |
| 2:25 | Archer |
| 2:47 | Pocket Factory |
| 2:53 | Wisp |
| 2:53 | Wisp |
| 2:56 | Archer |
| 2:57 | Archer |
| 2:57 | Archer |
| Select group | 70 |
| Right click | 56 |
| Chat | 41 |
| Select | 38 |
| Build/train/purchase | 19 |
| Minimap ping | 7 |
| Assign group | 5 |
| Resource trade | 4 |
| Use ability | 3 |
⇛